 Dungeon Crawl Stone Soup version 0.32-a0-814-g0968bab981 (webtiles) character file.

Game seed: 12010664503415572837

138 Cheivey the Shield-Bearer (level 5, -16/47 HPs)
             Began as a Gnoll Fighter on Mar 22, 2024.
             Demolished by an ogre
             ... wielding a +0 giant club
              (24 damage)
             ... on level 6 of the Dungeon.
             The game lasted 00:03:17 (2377 turns).

Cheivey the Shield-Bearer (Gnoll Fighter)           Turns: 2377, Time: 00:03:18

Health: -16/47     AC:  9    Str: 17    XL:     5   Next: 21%
Magic:  7/7        EV:  8    Int:  7    God:
Gold:   140        SH:  5    Dex: 12    Spells: 6/6 levels left

rFire   . . .        a - +1 war axe
rCold   . . .        c - +0 buckler
rNeg    . . .        b - +0 scale mail
rPois   .            (no helmet)
rElec   .            l - +0 cloak
rCorr   .            (no gloves)
SInv    .            (no boots)
Will    .....        (no amulet) Stlth
                     (no ring)
HPRegen 0.27/turn    (no ring)
MPRegen 0.10/turn

%: no passive effects
@: marked
A: fangs 1, strong nose, distributed training
a: no special abilities


You were on level 6 of the Dungeon.
You visited 1 branch of the dungeon, and saw 5 of its levels.

You collected 140 gold pieces.

Inventory:

Hand Weapons
 a - a +1 war axe (weapon)
Armour
 b - a +0 scale mail (worn)
 c - a +0 buckler (worn)
 l - a +0 cloak (worn)
Scrolls
 e - 3 scrolls of teleportation
Potions
 d - 2 potions of might
 f - 2 potions of curing
 g - a potion of attraction
 h - a potion of enlightenment


   Skills:
 + Level 6.7 Fighting
 + Level 1.4 Short Blades
 + Level 1.4 Long Blades
 + Level 4.8 Axes
 + Level 1.4 Maces & Flails
 + Level 1.4 Polearms
 + Level 1.4 Staves
 + Level 1.4 Ranged Weapons
 + Level 1.4 Throwing
 + Level 6.7 Armour
 + Level 1.4 Dodging
 + Level 1.4 Stealth
 + Level 6.7 Shields
 + Level 1.4 Unarmed Combat
 + Level 1.4 Spellcasting
 + Level 1.1 Conjurations
 + Level 1.1 Hexes
 + Level 1.1 Summonings
 + Level 1.1 Necromancy
 + Level 1.1 Translocations
 + Level 1.1 Fire Magic
 + Level 1.1 Ice Magic
 + Level 1.1 Air Magic
 + Level 1.1 Earth Magic
 + Level 1.1 Alchemy
 + Level 1.6 Invocations
 + Level 1.4 Evocations
 + Level 1.3 Shapeshifting


You had 6 spell levels left.
You didn't know any spells.
Your spell library was empty.

Dungeon Overview and Level Annotations

Branches:
Dungeon (6/15) Zot: 26895
 Temple: D:4-7

Altars:
Cheibriados
Qazlal

Annotations:
D:6 Maggie


Innate Abilities, Weirdness & Mutations

You have very sharp teeth.
Your uncanny sense of smell can sniff out nearby items.
Your experience applies equally to all skills.


Message History

Something shouts, "Scamper home, thou foppish half-faced flax-wench!"
You hear an angry hiss.
You hear a shout!
You hear a howl!
You hear an angry hiss.
You hear a howl!
You cannot move away from Maggie!
You cannot move away from Maggie!
There are monsters nearby!
There are monsters nearby!
There are monsters nearby!
There are monsters nearby!
As you read the scroll of teleportation, it crumbles to dust.
You feel strangely stable.
The ufetubus hits you but does no damage.
The ufetubus hits you.
Maggie gestures wildly while chanting.
Maggie draws you further into her thrall.
Unknown command.
There are monsters nearby!
You hit the ufetubus.
The ufetubus is severely wounded.
You hit the ogre. The ufetubus barely misses you.
You block the ufetubus's attack.
You break out of your daze!
The ogre hits you with a +0 giant club!
You block the ufetubus's attack. x2; The ufetubus misses you.
The ufetubus barely misses you.
The ogre hits you with a +0 giant club!!
* * * LOW HITPOINT WARNING * * *
The ufetubus hits you but does no damage. x2
The ufetubus misses you. The ufetubus barely misses you.
Unknown command.
You barely miss the ufetubus. x2; You slash the ogre!
You block the ufetubus's attack. The ufetubus barely misses you.
The ufetubus hits you.
* * * LOW HITPOINT WARNING * * *
The ufetubus barely misses you.
The ufetubus hits you but does no damage.
The ufetubus barely misses you.
The ogre hits you with a +0 giant club!!
Ouch! That really hurt!
You die...

######### ..$...
#........ ##...<.##
##........ #.......#
#......... #...!.$.#
###.######.. ........#
##...# ##.
#.....@####..##########
#....#O#)..............
#.5s@..##............
#....###5.....####.....#
... #####..#∆ ##...# .
...# ##.# #..# #. ∆ #...
# #... # . #


You could see Maggie, an ogre, a scorpion and 2 ufetubi.

Vanquished Creatures
  3 gnolls (D:2)
  5 adders
  A dart slug (D:3)
  6 orcs
  2 ball pythons (D:1)
  8 endoplasms
  A giant cockroach (D:3)
  6 goblins
  4 hobgoblins
  3 jackals (D:3)
  2 kobolds
  2 quokkas
  6 bats
  4 frilled lizards
  2 rats (D:3)
55 creatures vanquished.

Notes
Turn   | Place    | Note
-------+----------+-------------------------------------------
     0 | D:1      | Cheivey the Gnoll Fighter began the quest for the Orb.
     0 | D:1      | Reached XP level 1. HP: 23/23 MP: 1/1
   157 | D:1      | Reached XP level 2. HP: 29/29 MP: 2/2
   688 | D:1      | Reached XP level 3. HP: 35/35 MP: 3/3
   810 | D:2      | Reached skill level 1 in Invocations
   926 | D:2      | Reached skill level 1 in Short Blades
   926 | D:2      | Reached skill level 1 in Long Blades
   926 | D:2      | Reached skill level 1 in Maces & Flails
   926 | D:2      | Reached skill level 1 in Polearms
   926 | D:2      | Reached skill level 1 in Staves
   926 | D:2      | Reached skill level 1 in Ranged Weapons
   926 | D:2      | Reached skill level 1 in Throwing
   926 | D:2      | Reached skill level 1 in Dodging
   926 | D:2      | Reached skill level 1 in Stealth
   926 | D:2      | Reached skill level 1 in Unarmed Combat
   926 | D:2      | Reached skill level 1 in Spellcasting
   926 | D:2      | Reached skill level 1 in Evocations
   933 | D:2      | Reached skill level 1 in Shapeshifting
   933 | D:2      | Reached XP level 4. HP: 10/41 MP: 5/5
  1202 | D:2      | Found a stormy altar of Qazlal.
  1578 | D:3      | Reached skill level 1 in Conjurations
  1578 | D:3      | Reached skill level 1 in Hexes
  1578 | D:3      | Reached skill level 1 in Summonings
  1578 | D:3      | Reached skill level 1 in Necromancy
  1578 | D:3      | Reached skill level 1 in Translocations
  1578 | D:3      | Reached skill level 1 in Fire Magic
  1578 | D:3      | Reached skill level 1 in Ice Magic
  1578 | D:3      | Reached skill level 1 in Air Magic
  1578 | D:3      | Reached skill level 1 in Earth Magic
  1578 | D:3      | Reached skill level 1 in Alchemy
  1944 | D:3      | Reached XP level 5. HP: 47/47 MP: 7/7
  2275 | D:4      | You fall into a shaft and drop 2 floors!
  2355 | D:6      | Found a snail-covered altar of Cheibriados.
  2372 | D:6      | Noticed Maggie
  2372 | D:6      | Noticed an ogre
  2377 | D:6      | Demolished by an ogre

Illustrated notes

Levels and vault maps discovered:
D:1:      dpeg_arrival_ternary, layout_loops_corners
D:2:      layout_basic, basic_altar
D:3:      layout_basic
D:4:      layout_basic, mainiacjoe_overflow_alcove_4, serial_shops, shop,
          kennysheep_generic_room_15
D:6:      cheibrodos_barr_body, layout_rooms, old_standard_altar,
          nicolae_overflow_hidden_temple, vehumet_statue,
          nicolae_zen_rock_garden, nrook_pool_corridor, uniq_maggie

Skill      XL: |  1  2  3  4 |
---------------+-------------+-----
Invocations    | 1 |  1.6
Short Blades   | 1 |  1.4
Long Blades    | 1 |  1.4
Maces & Flails | 1 |  1.4
Polearms       | 1 |  1.4
Staves         | 1 |  1.4
Ranged Weapons | 1 |  1.4
Throwing       | 1 |  1.4
Dodging        | 1 |  1.4
Stealth        | 1 |  1.4
Unarmed Combat | 1 |  1.4
Spellcasting   | 1 |  1.4
Evocations     | 1 |  1.4
Shapeshifting  | 1 |  1.3
Conjurations   | 1 |  1.1
Hexes          | 1 |  1.1
Summonings     | 1 |  1.1
Necromancy     | 1 |  1.1
Translocations | 1 |  1.1
Fire Magic     | 1 |  1.1
Ice Magic      | 1 |  1.1
Air Magic      | 1 |  1.1
Earth Magic    | 1 |  1.1
Alchemy        | 1 |  1.1
Fighting       | |  6.7
Axes           | |  4.8
Armour         | |  6.7
Shields        | |  6.7

Action                     |  1- 3 |  4- 6 || total
---------------------------+-------+-------++-------
  Melee: War axe           |    67 |    80 ||   147
         Bite              |     5 |     6 ||    11
    Use: Scroll            |       |     6 ||     6
         Potion            |       |     5 ||     5
   Stab: Invisible         |       |     1 ||     1
 Armour: Scale mail        |    28 |    59 ||    87
  Dodge: Dodged            |    27 |    47 ||    74
  Block: Buckler           |    20 |    20 ||    40

Table legend: (Time is in decaauts)
 A = Elapsed time spent in this place.
 B = Non-inter-level travel time spent in this place.
 C = Inter-level travel time spent in this place.
 D = Time resting spent in this place.
 E = Time spent auto-exploring this place.
 F = Levels seen in this place.
 G = Mean time per level.
                   A        B        C        D        E       F      G
               +--------+--------+--------+--------+--------+-----+--------+
         Total |   2419 |   2364 |     55 |      0 |   1939 |   5 |  483.8 |
       Dungeon |   2419 |   2364 |     55 |      0 |   1939 |   5 |  483.8 |
               +--------+--------+--------+--------+--------+-----+--------+

Top non-repeatable levels by time:
     D:1: 813 daAuts
     D:2: 780 daAuts
     D:3: 700 daAuts
     D:6: 103 daAuts
     D:4: 21 daAuts
